Map: Proxima Station LE

Players

Ziggy - Winner!

  • Race: Terran Terran
  • Spawn Location: 7:00

Matiz

  • Race: Zerg Zerg
  • Spawn Location: 1:00

Event: IEM XI Katowice - World Championship 2017

VOD

Have the link to the VOD?

Description

Time

  • Played on: Feb. 27, 2017, 10:26 a.m.
  • Length: 25:13

All games in this series

Show
View Real Time Build Order
Export as new Build Order

Ziggy Terran - Winner!

Build Orders: Liberator Opening, Reaper Expand, Mech 

Get SALT Encoding   

  12  0:00  SCV  
  13  0:12  SCV  
  14  0:18  Supply Depot  
  14  0:25  SCV  
  15  0:39  SCV  
  15  0:41  Barracks  
  16  0:45  Refinery  
  16  0:51  SCV  
  17  1:03  SCV  
  18  1:15  SCV  
  19  1:29  Reaper, Orbital Command  
  20  1:43  Command Center  
  20  1:54  Engineering Bay  
  20  2:01  SCV  
  20  2:04  Barracks Reactor  
  21  2:10  Supply Depot  
  21  2:13  SCV  
  22  2:16  Refinery  
  22  2:25  SCV  
  23  2:36  Factory  
  23  2:37  SCV  
  23  2:41  Marine x2  
  26  2:50  SCV  
  27  3:00  Orbital Command  
  27  3:02  SCV  
  27  3:14  SCV  
  28  3:22  Starport  
  28  3:26  SCV x2  
  30  3:27  Refinery  
  30  3:30  Supply Depot  
  30  3:33  Hellion  
  30  3:34  Hellion  
  34  3:38  SCV  
  34  3:39  SCV  
  36  3:45  Command Center  
  36  3:48  Liberator  
  36  3:50  SCV  
  36  3:54  Hellion  
  36  3:55  Hellion  
  41  4:01  Fusion Core  
  41  4:09  SCV  
  45  4:10  SCV  
  45  4:12  Barracks Tech Lab  
  46  4:18  Refinery  
  46  4:22  SCV x2  
  52  4:34  SCV x2  
  54  4:40  Liberator  
  54  4:41  Supply Depot x2  
  50  4:46  SCV x2  
  52  4:55  Advanced Ballistics  
  52  4:58  SCV x2  
  57  5:00  Hellion x2  
  57  5:03  Engineering Bay  
  57  5:05  Orbital Command  
  61  5:10  SCV  
  61  5:11  SCV  
  61  5:22  Liberator, Barracks Tech Lab  
  61  5:23  SCV x2  
  61  5:24  Factory x2  
  63  5:33  Missile Turret, Orbital Command  
  63  5:35  Missile Turret, SCV  
  64  5:40  SCV  
  70  5:43  Hellion  
  70  5:47  SCV  
  71  5:52  SCV  
  71  5:55  Barracks Tech Lab  
  72  5:59  SCV  
  72  6:00  Armory  
  73  6:07  Factory Tech Lab  
  73  6:08  Refinery  
  73  6:09  SCV x2, Refinery  
  75  6:13  Missile Turret  
  75  6:20  SCV  
  75  6:21  SCV  
  77  6:26  Cyclone x2  
  77  6:32  SCV x2  
  85  6:42  Siege Tank, SCV, Cyclone  
  85  6:43  Supply Depot  
  85  6:44  Supply Depot x2, SCV  
  93  6:47  Liberator  
  93  7:02  Supply Depot  
  93  7:04  Supply Depot  
  93  7:05  Supply Depot, SCV x2, Cyclone  
  93  7:06  Cyclone  
  93  7:08  SCV  
  105  7:20  Thor  
  105  7:21  Thor  
  117  7:29  SCV x3  
  120  7:40  Liberator, Cyclone x2  
  120  7:41  SCV x3  
  120  7:43  Terran Vehicle Weapons Level 1  
  123  7:47  Missile Turret  
  123  7:49  Missile Turret  
  123  7:53  Missile Turret x2  
  126  8:05  Thor  
  132  8:08  SCV x2  
  132  8:09  Missile Turret x2, SCV  
  135  8:14  Cyclone x2  
  141  8:27  Supply Depot  
  141  8:31  Factory Tech Lab  
  141  8:33  Missile Turret  
  138  8:37  Command Center  
  138  8:42  Factory  
  138  8:44  Factory  
  138  8:47  Factory  
  138  8:49  Missile Turret, Cyclone x2  
  138  8:50  Missile Turret  
  138  8:52  Starport Reactor, Thor  
  138  8:55  Hellion  
  152  9:03  Supply Depot x2  
  152  9:05  Supply Depot  
  152  9:07  Supply Depot  
  138  9:16  Hellion  
  137  9:21  Cyclone x2  
  137  9:23  SCV x2  
  145  9:24  Missile Turret x2  
  145  9:27  Missile Turret  
  145  9:31  Factory Tech Lab, Factory Reactor  
  145  9:32  Infernal Pre-Igniter  
  145  9:38  Hellion x3  
  151  9:44  Terran Vehicle Weapons Level 2  
  151  9:51  Thor  
  157  9:54  Hellion x2  
  157  9:59  Hellion  
  162  10:04  Siege Tank x2  
  167  10:08  Refinery  
  167  10:21  Siege Tank  
  169  10:26  Missile Turret  
  169  10:27  Missile Turret x2  
  169  10:29  Missile Turret  
  169  10:34  Siege Tank, Hellion x2  
  169  10:35  Hellion x2  
  180  10:36  Siege Tank x2  
  174  10:51  Refinery, Orbital Command  
  174  10:53  Refinery, Hellion  
  174  10:56  Hellion, Cyclone  
  173  11:07  Siege Tank  
  173  11:08  Siege Tank  
  169  11:18  Command Center  
  169  11:20  Command Center  
  169  11:22  Refinery  
  169  11:28  Siege Tank x2, Cyclone  
  169  11:29  Cyclone  
  175  11:35  Cyclone  
  178  11:46  Cyclone  
  178  11:47  Cyclone  
  169  11:55  Cyclone  
  170  12:05  Viking  
  167  12:16  Siege Tank  
  167  12:17  Siege Tank  
  167  12:21  Viking  
  178  12:22  Cyclone  
  178  12:23  Cyclone  
  178  12:24  Hellion  
  183  12:35  Viking  
  179  12:40  Starport x2  
  167  12:49  Thor, Cyclone  
  167  12:51  Hellion x3  
  162  12:58  Viking  
  140  13:04  Hellion x2  
  140  13:05  Viking, Hellion  
  125  13:12  Thor, Hellion  
  135  13:17  Viking x2  
  139  13:23  Hellion x2  
  139  13:24  Refinery  
  139  13:25  Refinery  
  139  13:26  Hellion x3  
  149  13:28  Viking  
  151  13:40  Thor  
  157  13:48  Viking  
  159  13:49  Missile Turret x2  
  159  13:52  Missile Turret  
  159  13:53  Orbital Command  
  159  13:55  Orbital Command  
  159  13:56  Missile Turret  
  159  13:57  Missile Turret  
  159  14:07  Viking x2  
  163  14:14  Viking  
  165  14:19  Viking  
  167  14:32  Terran Vehicle Weapons Level 3, Sensor Tower  
  167  14:37  Viking x2  
  171  14:42  Thor  
  171  14:44  Viking  
  173  14:49  Viking  
  173  14:51  Thor x2  
  185  15:01  Siege Tank  
  186  15:07  Viking x2  
  186  15:14  Viking, Starport  
  186  15:16  Hellion x4  
  186  15:19  Viking  
  198  15:29  Armory x2, Orbital Command  
  198  15:36  Orbital Command  
  198  15:40  Starport  
  198  15:48  Viking  
  200  15:50  Refinery  
  200  15:51  Refinery  
  192  16:12  Cyclone x2  
  192  16:21  Cyclone x2  
  198  16:29  Command Center  
  198  16:46  Viking  
  170  17:01  Viking  
  170  17:06  Viking x2  
  170  17:07  Viking  
  107  17:16  Viking  
  107  17:22  Starport x3  
  106  17:23  Factory, Starport  
  106  17:25  Factory, Thor x2  
  106  17:27  Siege Tank  
  106  17:28  Cyclone  
  106  17:29  Cyclone x2  
  130  17:31  Viking  
  130  17:32  Cyclone  
  130  17:35  Viking  
  130  17:36  Cyclone  
  140  17:40  Terran Ship Weapons Level 1  
  140  17:48  Terran Vehicle And Ship Armor Level 1  
  140  17:49  Viking x2  
  144  17:51  Viking  
  146  18:00  Viking  
  146  18:01  Viking  
  146  18:02  Viking  
  152  18:08  Cyclone  
  155  18:13  Refinery  
  155  18:16  Refinery  
  155  18:22  Viking  
  157  18:27  Cyclone x3  
  157  18:28  Cyclone x2  
  172  18:38  Viking x2  
  176  18:44  Viking  
  178  18:48  Viking  
  178  18:51  Planetary Fortress  
  180  18:59  Cyclone x2  
  186  19:14  Viking  
  188  19:22  Viking x3  
  194  19:29  Cyclone x3  
  197  19:37  Viking  
  193  19:45  Viking  
  195  19:47  Viking  
  191  19:59  Cyclone x3  
  200  20:02  Terran Ship Weapons Level 2  
  200  20:08  Terran Vehicle And Ship Armor Level 2  
  193  20:30  Starport Reactor x5  
  176  20:58  Cyclone x5  
  176  20:59  Cyclone x3  
  198  21:20  Command Center  
  198  21:41  Starport Tech Lab  
  198  21:44  Starport Tech Lab  
  198  21:53  Starport Tech Lab  
  198  21:56  Sensor Tower  
  198  21:57  Missile Turret  
  196  22:11  Viking x2  
  200  22:17  Corvid Reactor  
  200  22:19  Recalibrated Explosives  
  200  22:20  High Capacity Fuel Tanks  
  200  22:26  Viking  
  194  22:30  Raven x2  
  194  22:38  Orbital Command  
  194  22:43  Raven  
  196  23:12  Starport Tech Lab  
  196  23:13  Raven x2  
  196  23:16  Starport Tech Lab  
  197  23:34  Raven x2  
  192  23:52  Sensor Tower  
  189  24:00  Raven x3  
  195  24:17  Raven x2  
Show
View Real Time Build Order
Export as new Build Order

Matiz Zerg 

Build Orders: Hatch First, Muta Ling Bane 

Get SALT Encoding   

  12  0:01  Drone  
  13  0:13  Overlord  
  13  0:17  Drone  
  14  0:23  Extractor  
  14  0:24  Drone  
  15  0:32  Drone  
  16  0:38  Drone  
  17  0:54  Drone  
  18  0:58  Hatchery  
  18  1:01  Drone  
  18  1:14  Spawning Pool  
  18  1:17  Drone  
  18  1:22  Drone  
  19  1:31  Extractor, Drone  
  19  1:52  Drone x2  
  21  2:02  Overlord  
  21  2:09  Queen  
  21  2:10  Queen  
  21  2:13  Zergling x2  
  21  2:14  Zergling x2  
  28  2:30  Drone x2  
  28  2:36  Overlord  
  28  2:38  Metabolic Boost, Drone  
  28  2:42  Zergling x2  
  29  2:45  Drone  
  29  2:55  Queen  
  29  2:56  Queen  
  29  2:57  Drone  
  34  2:58  Drone  
  35  3:08  Overlord  
  35  3:09  Drone  
  36  3:21  Hatchery  
  35  3:28  Drone x3  
  35  3:31  Drone  
  35  3:33  Drone  
  40  3:38  Overlord  
  40  3:40  Drone x2  
  42  3:43  Drone  
  42  3:44  Drone  
  44  3:54  Overlord  
  45  3:55  Drone  
  45  3:57  Drone x2  
  45  3:58  Drone  
  45  4:02  Zergling x4  
  50  4:03  Zergling x2  
  50  4:04  Drone  
  50  4:06  Drone  
  53  4:14  Drone  
  53  4:15  Zergling x2  
  53  4:17  Queen  
  57  4:24  Queen  
  57  4:28  Drone x3  
  61  4:33  Queen  
  61  4:36  Drone x3  
  66  4:38  Baneling Nest  
  66  4:43  Overlord, Extractor  
  66  4:44  Extractor  
  66  4:45  Drone x2  
  65  4:48  Drone  
  65  4:49  Drone  
  67  4:54  Lair  
  67  4:58  Drone x2  
  67  4:59  Drone x2  
  71  5:02  Zergling x4  
  73  5:08  Drone x4  
  77  5:15  Drone  
  77  5:19  Zergling x6  
  81  5:23  Overlord  
  81  5:26  Queen, Extractor  
  82  5:32  Overlord x2  
  82  5:33  Baneling x2  
  82  5:34  Baneling x2  
  80  5:41  Zergling x2  
  80  5:42  Zergling x14  
  88  5:48  Drone x2  
  89  5:50  Drone  
  89  5:51  Overlord x2  
  89  5:54  Spore Crawler  
  88  5:58  Drone  
  88  6:00  Drone  
  88  6:01  Drone x2  
  92  6:09  Centrifical Hooks  
  92  6:16  Hatchery  
  92  6:18  Evolution Chamber  
  90  6:20  Evolution Chamber  
  90  6:22  Drone x2  
  90  6:23  Drone x5  
  90  6:25  Drone  
  95  6:37  Extractor  
  95  6:39  Extractor, Hydralisk Den  
  89  6:41  Drone  
  89  6:42  Spire, Drone  
  89  6:46  Drone x2  
  92  6:48  Drone  
  92  6:53  Drone x2  
  95  6:59  Drone x2  
  97  7:02  Drone  
  97  7:08  Overseer  
  96  7:11  Drone x2  
  97  7:16  Drone  
  97  7:21  Drone  
  98  7:28  Drone x2  
  98  7:44  Baneling  
  98  7:45  Baneling x4  
  98  7:46  Zergling x2  
  98  7:47  Zergling x12  
  105  7:53  Baneling x3  
  99  8:06  Drone x4  
  103  8:17  Mutalisk  
  103  8:18  Mutalisk x8  
  119  8:21  Baneling x4  
  119  8:27  Drone x4  
  119  8:30  Queen  
  119  8:34  Zergling x8  
  125  8:35  Overlord  
  125  8:36  Zerg Melee Weapons Level 1, Zerg Ground Armor Level 1  
  128  8:48  Infestation Pit  
  126  8:49  Hydralisk Den  
  126  8:50  Drone x2  
  126  8:52  Overlord x3  
  126  8:53  Overlord, Extractor  
  121  9:14  Drone x5  
  121  9:16  Drone x5  
  121  9:17  Extractor, Drone  
  132  9:21  Overlord  
  132  9:22  Hydralisk x2  
  132  9:23  Hydralisk x2  
  139  9:27  Hive  
  139  9:28  Queen x3  
  145  9:39  Muscular Augments  
  145  9:41  Hydralisk x3  
  151  9:48  Hydralisk x3  
  157  9:58  Hydralisk x4  
  157  9:59  Hydralisk x2  
  167  10:04  Queen x2  
  167  10:06  Hydralisk x2  
  175  10:31  Overlord x3  
  175  10:32  Baneling  
  175  10:33  Baneling x8  
  175  10:35  Overlord  
  163  10:44  Hydralisk x4, Zergling x14  
  163  10:45  Overlord  
  163  10:48  Queen x3  
  175  10:51  Greater Spire  
  159  11:06  Queen  
  159  11:07  Hydralisk  
  159  11:08  Hydralisk x7, Zergling x6  
  174  11:11  Baneling  
  174  11:12  Baneling x8  
  174  11:14  Corruptor  
  176  11:21  Corruptor x3  
  176  11:24  Queen x3  
  188  11:29  Corruptor  
  188  11:30  Corruptor x2  
  185  11:41  Corruptor x4  
  185  11:42  Zergling x2  
  170  12:05  Brood Lord x2, Hatchery  
  170  12:06  Brood Lord x3  
  181  12:08  Brood Lord  
  178  12:16  Queen  
  178  12:17  Queen x2  
  184  12:23  Corruptor x2  
  184  12:29  Brood Lord  
  171  12:46  Brood Lord, Zergling x2  
  171  12:47  Zergling x16  
  171  12:48  Zergling x2  
  171  12:49  Zergling x6  
  179  12:58  Hydralisk x3  
  157  13:13  Queen  
  157  13:15  Baneling  
  157  13:16  Extractor, Baneling x2  
  158  13:23  Queen  
  158  13:26  Brood Lord  
  162  13:27  Hatchery  
  160  13:43  Infestor x3  
  166  13:49  Extractor, Burrow  
  166  13:50  Extractor  
  164  13:56  Queen x2  
  168  14:08  Brood Lord x2  
  171  14:13  Corruptor  
  171  14:27  Infestor  
  172  14:31  Spine Crawler  
  172  14:33  Spine Crawler  
  172  14:35  Drone x3  
  173  14:49  Drone x6  
  173  14:50  Drone x2  
  174  14:55  Drone x3  
  174  14:59  Infestor x3  
  177  15:01  Overlord x2  
  177  15:02  Queen  
  177  15:06  Drone x5  
  186  15:07  Corruptor x2  
  189  15:17  Zerg Flyer Armor Level 1  
  189  15:21  Zerg Ground Armor Level 2  
  189  15:23  Zerg Missile Weapons Level 1  
  189  15:28  Corruptor  
  191  15:39  Corruptor x3  
  191  15:41  Hatchery  
  196  15:43  Overseer  
  196  15:46  Extractor  
  193  16:00  Spore Crawler  
  193  16:01  Spore Crawler  
  193  16:02  Spore Crawler  
  193  16:04  Spore Crawler x2  
  184  16:17  Corruptor  
  184  16:18  Corruptor x5  
  186  16:22  Hatchery  
  186  16:23  Corruptor  
  186  16:24  Corruptor  
  184  16:31  Corruptor x2  
  188  16:37  Overlord x2  
  149  17:02  Brood Lord  
  149  17:08  Corruptor x5  
  135  17:26  Brood Lord  
  135  17:27  Brood Lord x2  
  143  17:44  Brood Lord, Hatchery  
  143  17:48  Brood Lord  
  144  17:52  Drone x2  
  146  18:02  Zerg Flyer Armor Level 2  
  146  18:14  Drone x3  
  149  18:21  Hydralisk, Zergling x4  
  149  18:26  Hydralisk  
  155  18:36  Hydralisk x2  
  157  18:43  Overlord  
  150  19:04  Hatchery  
  150  19:05  Hydralisk x2  
  150  19:36  Hatchery  
  147  19:53  Infestor  
  147  19:54  Infestor x2  
  135  20:41  Corruptor  
  127  20:49  Hatchery  
  126  20:59  Corruptor x2  
  130  21:18  Corruptor  
  130  21:24  Extractor  
  130  21:25  Extractor  
  130  21:37  Hydralisk x2  
  134  21:52  Extractor  
  133  22:14  Corruptor x3  
  139  22:43  Brood Lord  
  141  22:52  Corruptor  
  142  23:35  Hatchery  
  131  24:03  Hatchery  
  131  24:05  Corruptor  

Tags
 
Add a new tag
Caveats
  • Supply blocks, unpowered buildings, or Contaminate may cause inaccurate times.
  • Supply counts are checked every 10 seconds.